 Dungeon Crawl Stone Soup version 0.16.2-2-g470672f (webtiles) character file.

2163 Liatris the Chopper (level 9, -1/79 (82) HPs)
             Began as a Deep Dwarf Fighter on Aug 17, 2015.
             Killed from afar by an orc wizard (2 damage)
             ... with a puff of frost
             ... on level 6 of the Dungeon.
             The game lasted 00:44:02 (4028 turns).

Liatris the Chopper (Deep Dwarf Fighter)            Turns: 4028, Time: 00:44:03

HP:   -1/79 (82)    AC: 18    Str: 24    XL:     9   Next: 10%
MP:   11/11         EV:  9    Int:  8    God:
Gold: 283           SH:  0    Dex: 12    Spells: 0 memorised, 8 levels left

rFire  . . .     SeeInvis .     a - +2 war axe
rCold  . . .     Clarity  .     j - +2 plate armour
rNeg   . . .     SustAb   +     (no shield)
rPois  .         Gourm    .     (no helmet)
rElec  .         Spirit   .     (no cloak)
rCorr  .         Warding  .     t - +2 pair of gloves
rMut   .         Stasis   .     (no boots)
MR     +....                    (no amulet)
Stlth  ..........               n - +1 ring of evasion (curse)
                                b - ring of sustain abilities

@: non-regenerating, somewhat resistant to hostile enchantments, extremely
unstealthy
A: damage resistance, recharge devices, sense surroundings 2, slow healing 3
a: Device Recharging


You were on level 6 of the Dungeon.
You were not hungry.

You visited 1 branch of the dungeon, and saw 6 of its levels.
You also visited: Ossuary.

You collected 283 gold pieces.

Inventory:

Hand weapons
 a - a +2 war axe (weapon)
 f - a cursed +0 morningstar of draining
 h - a +0 dire flail
 i - a +1 hunting sling of flaming
 k - a +0 short sword of holy wrath
 B - a +3 rapier
Armour
 c - a +0 shield
 j - a +2 plate armour (worn)
 t - a +2 pair of gloves (worn)
Jewellery
 b - a ring of sustain abilities (left hand)
 n - a cursed +1 ring of evasion (right hand)
Magical devices
 d - a wand of heal wounds (0)
 z - a wand of magic darts (17)
 A - a wand of invisibility (0)
Scrolls
 q - a scroll of identify
 r - a scroll of teleportation
 v - a scroll of fog
Potions
 e - 2 potions of might
 g - a potion of haste
 o - 3 potions of curing
 s - a potion of mutation {unknown}
 u - a potion of cancellation
 w - a potion of magic
 x - a potion of restore abilities
Miscellaneous
 y - a lantern of shadows
Comestibles
 l - 2 meat rations
 m - a fruit
 p - a bread ration


   Skills:
 + Level 6.0 Fighting
 + Level 7.6(7.8) Axes
 + Level 1.9(4.8) Maces & Flails
 + Level 6.9 Armour
 + Level 2.5 Dodging
 + Level 0.6 Stealth
 + Level 5.9 Shields
 + Level 1.5 Evocations


You had 8 spell levels left.
You didn't know any spells.

Dungeon Overview and Level Annotations

Branches:
Dungeon (6/15)             Temple (0/1) D:4

Altars:
Dithmenos
Trog
Yredelemnul


Innate Abilities, Weirdness & Mutations

You are resistant to damage.
You can recharge devices by infusing magical energy.
You passively map the area around you.
You do not heal naturally.


Message History

The orc wizard shouts!
An orc wizard comes into view. It is wielding a dagger.
You barely miss the orc. The orc hits you but does no damage.
The orc hits you with an enchanted whip.
* * * LOW HITPOINT WARNING * * *
You slice the orc!!
You kill the orc!
The orc wizard casts a spell.
You feel troubled.
Things that are here:
an enchanted whip; a chain mail The orc wizard hits you but does no damage.
You slash the orc wizard!
You kill the orc wizard!
The orc wizard casts a spell at you. The magic dart hits you!
* * * LOW HITPOINT WARNING * * *
The orc wizard gestures at you while chanting.
The puff of frost hits you!
You die...

#.# #.#
##########
..#
#........#
..#
#.######.#
..#######.#
#.#
.>......#.#
#.#
#.#####.#.#
#o# #.#
#.#.# #)#
#.#####.#.#
#@#
.....##.#.#
#.#
.....##.#.#
#)#
.....##...#
#.#
.....######
#.# .....#
#.# .....#
#.# ######
#.# #.#


You could see an orc wizard.

Vanquished Creatures
  The ghost of Liatris the Skirmisher, an average DrBe of Trog (D:4)
  Eustachio (D:5)
  An ice beast (D:6)
  2 sky beasts
  A necrophage (D:6)
  3 ogres (D:4)
  A centaur (D:6)
  A giant frog (D:6)
  Blork the orc (D:5)
  4 water moccasin zombies
  2 scorpions (D:5)
  4 iguanas
  2 hounds
  An iron imp (D:5)
  2 quasits (D:5)
  5 worker ants
  3 orc wizards
  3 big kobold zombies (Ossuary)
  2 mummies (Ossuary)
  6 adders
  2 river rats (D:5)
  9 adder zombies
  An adder skeleton (D:4)
  5 giant geckos
  17 orcs
  A ball python (D:1)
  10 bats
  A bat zombie (D:5)
  2 giant cockroaches (D:2)
  7 goblins
  11 hobgoblins
  12 jackals
  10 kobolds
  5 quokkas
  4 giant newts
  3 gnoll zombies (Ossuary)
  2 hobgoblin zombies (Ossuary)
  5 kobold zombies (Ossuary)
  5 orc zombies (Ossuary)
  A quokka skeleton (D:4)
  15 rats
174 creatures vanquished.

Notes
Turn   | Place    | Note
--------------------------------------------------------------
     0 | D:1      | Liatris, the Deep Dwarf Fighter, began the quest for the Orb.
     0 | D:1      | Reached XP level 1. HP: 20/20 MP: 1/1
   272 | D:1      | Reached XP level 2. HP: 27/27 MP: 2/2
   827 | D:2      | Reached XP level 3. HP: 27/34 MP: 3/3
  1261 | D:2      | Found a bloodstained altar of Trog.
  1459 | D:2      | Reached skill level 4 in Armour
  1610 | D:2      | Reached XP level 4. HP: 42/42 MP: 4/4
  2187 | D:4      | Found a staircase to the Ecumenical Temple.
  2194 | D:4      | Noticed an ogre
  2197 | D:4      | Reached skill level 1 in Dodging
  2202 | D:4      | Killed an ogre
  2202 | D:4      | Reached XP level 5. HP: 33/49 MP: 5/5
  2303 | D:4      | Reached XP level 6. HP: 20/57 MP: 6/6
  2314 | D:4      | Found a sand-covered staircase.
  2325 | Ossuary  | Entered an ossuary
  2461 | Ossuary  | Reached skill level 5 in Axes
  2480 | Ossuary  | Reached XP level 7. HP: 46/64 MP: 7/7
  2573 | D:4      | Noticed an ogre
  2585 | D:4      | Killed an ogre
  2585 | D:4      | Reached skill level 5 in Shields
  2725 | D:4      | Noticed an ogre
  2734 | D:4      | Killed an ogre
  2888 | D:4      | Noticed Liatris' ghost (average DrBe)
  2914 | D:4      | Killed Liatris' ghost
  2914 | D:4      | Reached skill level 6 in Axes
  2914 | D:4      | Reached skill level 5 in Armour
  2914 | D:4      | Reached XP level 8. HP: 40/73 MP: 8/8
  2977 | D:4      | Found a shadowy altar of Dithmenos.
  3050 | D:4      | Reached skill level 5 in Fighting
  3153 | D:5      | Entered Level 5 of the Dungeon
  3153 | D:5      | Noticed Blork the orc
  3161 | D:5      | Killed Blork the orc
  3453 | D:5      | Reached skill level 1 in Evocations
  3475 | D:5      | Noticed Eustachio
  3555 | D:5      | Killed Eustachio
  3555 | D:5      | Reached skill level 7 in Axes
  3590 | D:5      | Reached skill level 1 in Maces & Flails
  3912 | D:6      | Found a basalt altar of Yredelemnul.
  3932 | D:6      | Gained mutation: You passively map the area around you. [level up]
  3932 | D:6      | Reached XP level 9. HP: 6/79 MP: 11/11
  4023 | D:6      | HP: 3/79 [orc/enchanted whip (2)]
  4028 | D:6      | HP: 1/79 [orc wizard/magic dart (2)]
  4028 | D:6      | Killed from afar by an orc wizard

Action                   |  1- 3 |  4- 6 |  7- 9 || total
-------------------------+-------+-------+-------++-------
Melee: War axe           |   105 |   166 |   175 ||   446
       Dire flail        |       |       |   139 ||   139
Evoke: Wand              |     1 |     1 |     4 ||     6
  Use: Scroll            |     4 |     3 |     9 ||    16
       Potion            |     1 |     4 |     7 ||    12
  Eat: Fruit             |     1 |       |     3 ||     4
       Beef jerky        |     1 |       |     1 ||     2
       Bread ration      |       |     1 |     1 ||     2
